 Dungeon Crawl Stone Soup version 0.23-a0-315-ga85b81c (webtiles) character file.

104 Garbasso the Chopper (level 4, 0/42 HPs)
             Began as a Deep Dwarf Fighter on Oct 13, 2018.
             Killed by nerve-wracking pain
             ... invoked by Grinder
              (13 damage)
             ... on level 3 of the Dungeon.
             The game lasted 00:08:04 (1865 turns).

Garbasso the Chopper (Deep Dwarf Fighter)           Turns: 1865, Time: 00:08:05

Health: 0/42       AC:  9    Str: 20    XL:     4   Next: 52%
Magic:  4/4        EV:  3    Int:  9    God:
Gold:   135        SH: 14    Dex: 12    Spells: 3/3 levels left

rFire    . . .     SeeInvis .   a - +0 war axe
rCold    . . .     Gourm    .   s - +0 large shield
rNeg     . . .     Faith    .   v - +0 chain mail
rPois    .         Spirit   .   (no helmet)
rElec    .         Reflect  .   (no cloak)
rCorr    .         Harm     .   (no gloves)
MR       .....                  (no boots)
Stlth    ..........             (no amulet)
HPRegen  0.00/turn              (no ring)
MPRegen  0.09/turn              (no ring)

@: non-regenerating
A: damage resistance, heal wounds, sense surroundings 1, no regeneration
a: Heal Wounds


You were on level 3 of the Dungeon.
You were not hungry.

You visited 1 branch of the dungeon, and saw 3 of its levels.

You collected 135 gold pieces.

Inventory:

Hand Weapons
 a - a +0 war axe (weapon)
 b - a +0 hunting sling
Missiles
 p - 39 sling bullets
Armour
 o - a cursed +0 scale mail
 s - a +0 large shield (worn)
 v - a +0 chain mail (worn)
Jewellery
 g - an uncursed amulet of harm {unknown}
Wands
 m - a wand of polymorph (12)
Scrolls
 e - 3 scrolls of teleportation {unknown}
 h - 4 scrolls of identify
 i - 3 scrolls of remove curse {unknown}
 j - 3 scrolls of enchant armour {unknown}
 r - 2 scrolls of fog {unknown}
Potions
 c - a potion of mutation {unknown}
 d - a potion of might
 k - a potion of lignification {unknown}
 n - a potion of heal wounds {unknown}
 q - a potion of resistance {unknown}
 t - a potion of agility {unknown}
 u - a potion of flight {unknown}
 w - a potion of curing
Comestibles
 f - 6 rations
 l - 7 chunks of flesh


   Skills:
 + Level 3.3 Fighting
 * Level 4.1 Axes
 - Level 3.2 Armour
 + Level 4.1 Shields


You had 3 spell levels left.
You didn't know any spells.
Your spell library was empty.

Dungeon Overview and Level Annotations

Branches:
Dungeon (3/15)

Altars:
Zin

Annotations:
D:3 Grinder


Innate Abilities, Weirdness & Mutations

You are resistant to damage.
You can heal yourself by infusing magical energy.
You passively map a small area around you.
You do not regenerate.


Message History

You block something's attack.
Grinder rolls her eyes.
You hit Grinder.
Grinder is lightly wounded.
You barely miss something.
You are no longer poisoned.
You hear some strange, mumbled words.
A puff of flame appears from out of thin air!
The puff of flame misses you.
The puff of flame hits Grinder.
Grinder blinks!
You hear some strange, mumbled words.
A puff of flame appears from out of thin air!
The puff of flame hits you! Grinder hits you but does no damage.
Something hits you.
As you read the scroll labeled HUXZUZ SIYH, it crumbles to dust.
It is a scroll of identify.
w - a potion of curing Something hits you but does no damage.
Grinder gestures at you. Pain shoots through your body!
You die... .....o..####......########...#### .o....5 * ##.##.## #..## # ..o.. ####.# #.## oS5

* #.# #.# *#o# #.#
#.# #.# #.# #[#
#.# #.# #.#
###.####### #5#
#.# .....##...#
#@# ##.##
#.......#.######{#
##...##
##...##..o.So..oo#
#.....####
##.##############
#......... ###
#.....#### ##...##
#####


You could see Grinder, an orc priest and an orc.

Vanquished Creatures
  Terence (D:3)
  3 adders
  A worm (D:3)
  2 leopard geckos
  2 orcs (D:3)
  A ball python (D:1)
  9 bats
  3 giant cockroaches
  6 goblins
  3 hobgoblins
  A quokka (D:3)
  5 frilled lizards
  4 kobolds
  5 rats
46 creatures vanquished.

Notes
Turn   | Place    | Note
-------+----------+-------------------------------------------
     0 | D:1      | Garbasso the Deep Dwarf Fighter began the quest for the
                  | Orb.
     0 | D:1      | Reached XP level 1. HP: 20/20 MP: 1/1
   227 | D:1      | Reached XP level 2. HP: 25/27 MP: 2/2
   975 | D:2      | Reached XP level 3. HP: 28/34 MP: 3/3
  1251 | D:2      | Found a glowing silver altar of Zin.
  1621 | D:3      | Reached XP level 4. HP: 25/42 MP: 4/4
  1687 | D:3      | Noticed Terence
  1696 | D:3      | Killed Terence
  1820 | D:3      | Noticed Grinder
  1865 | D:3      | Killed from afar by Grinder

Vault maps used:
D:1:      dpeg_arrival_tiny_k
D:2:      zin_scriptorium
D:3:      first_ration, kennysheep_generic_room_10, uniq_sigmund, uniq_terence,
          uniq_grinder

Skill      XL: |  1  2  3  4 |
---------------+-------------+-----
Axes           | 3 4 |  4.1
Fighting       | 3 |  3.3
Shields        | 4 |  4.1
Armour         | |  3.2

Action                   |  1- 3 |  4- 6 || total
-------------------------+-------+-------++-------
Melee: War axe           |   126 |    34 ||   160
 Fire: Hunting sling     |    15 |     6 ||    21
 Abil: Heal Wounds       |       |     1 ||     1
Evoke: Wand              |       |     1 ||     1
  Use: Scroll            |       |     1 ||     1
  Eat: Chunk             |     2 |     1 ||     3
Armor: Scale mail        |    53 |     2 ||    55
       Chain mail        |       |    17 ||    17
Dodge: Dodged            |    35 |     5 ||    40
Block: Shield            |    71 |       ||    71
       Large shield      |    13 |    25 ||    38

Table legend:
 A = Non-vault XP
 B = Vault XP
 C = Vault XP percentage of total XP
 D = Non-vault monster count
 E = Vault monster count
 F = Vault count percentage of total count
                 A         B        C        D         E       F
            +---------+---------+-------+---------+---------+-------
      Total |     113 |      36 |  24.2 |      45 |       1 |   2.2
            +---------+---------+-------+---------+---------+-------
        D:1 |      26 |       0 |   0.0 |      17 |       0 |   0.0
        D:2 |      40 |       0 |   0.0 |      11 |       0 |   0.0
        D:3 |      47 |      36 |  43.4 |      17 |       1 |   5.6
            +---------+---------+-------+---------+---------+-------
